 Dungeon Crawl Stone Soup version 0.21-a0 (webtiles) character file.

16 Chiseanne the Skirmisher (level 2, -1/25 HPs)
             Began as a Barachi Wanderer on May 19, 2017.
             Slain by a worm (8 damage)
             ... on level 2 of the Dungeon.
             The game lasted 00:03:28 (676 turns).

Chiseanne the Skirmisher (Barachi Wanderer)          Turns: 676, Time: 00:03:29

Health: -1/25      AC:  5    Str: 12    XL:     2   Next: 58%
Magic:  3/3        EV: 11    Int: 11    God:
Gold:   70         SH:  0    Dex: 13    Spells: 2/2 levels left

rFire    . . .     SeeInvis .   c - +0 spear
rCold    . . .     Gourm    .   (no shield)
rNeg     . . .     Faith    .   e - +0 leather armour
rPois    .         Spirit   .   (no helmet)
rElec    .         Reflect  .   (no cloak)
rCorr    .         Harm     .   (no gloves)
MR       .....                  j - +1 pair of boots
Stlth    +.........             (no amulet)
Regen    0.1/turn               (no ring)
MPRegen  0.1/turn               (no ring)

@: slow
A: +LOS, swims, slowness 1, strong legs 1
a: Hop


You were on level 2 of the Dungeon.
You were not hungry.

You visited 1 branch of the dungeon, and saw 2 of its levels.

You collected 70 gold pieces.

Inventory:

Hand Weapons
 c - a +0 spear (weapon)
Missiles
 i - 18 sling bullets
 l - a throwing net (quivered) {!*}
 m - 40 stones
 n - 22 arrows
Armour
 e - a +0 leather armour (worn)
 j - a +1 pair of boots (worn)
Jewellery
 d - an uncursed ring of resist corrosion {unknown}
 g - an uncursed ring of magical power {unknown}
Potions
 k - 2 potions of degeneration {unknown}
Books
 a - a book of Necromancy

   Spells                             Type                      Level
   a - Pain                           Necromancy                   1
   b - Animate Skeleton               Necromancy                   1
   c - Vampiric Draining              Necromancy                   3
   d - Regeneration                   Charms/Necromancy            3
   e - Animate Dead                   Necromancy                   4
   f - Control Undead                 Necromancy                   4
 b - Rajog's Volume of Augmentations

   Spells                             Type                      Level
   a - Song of Slaying                Charms                       2
   b - Shroud of Golubria             Charms/Translocation         2
Comestibles
 f - a bread ration
 h - a royal jelly


   Skills:
 * Level 3.9 Fighting
 * Level 1.0 Armour
 * Level 0.9 Dodging
 * Level 0.8 Spellcasting
   Level 2.6 Necromancy
   Level 2.1 Poison Magic
   Level 2.1 Evocations


You had 2 spell levels left.
You didn't know any spells.

Dungeon Overview and Level Annotations

Branches:
Dungeon (2/15)

Altars:
Sif Muna
Yredelemnul


Innate Abilities, Weirdness & Mutations

Shadows flee at your approach. (+LOS)
You can swim through water.
You cover ground slowly.
You can hop short distances.


Message History

The worm misses you.
You barely miss the worm.
The worm is moderately wounded.
The worm bites you!
You hit the worm.
The worm is heavily wounded.
You barely miss the worm.
The worm is heavily wounded.
The worm bites you!
You hit the worm.
The worm is heavily wounded.
The worm bites you.
* * * LOW HITPOINT WARNING * * *
You hit the worm.
The worm is severely wounded.
You hit the worm but do no damage.
The worm is severely wounded.
The worm closely misses you. The worm bites you!
You die...

. .. ##.. # #.#.
.............# .. .#.
##............# ... # ..
.............. ...#.#.##
............# .. ....
.._..8.._..#
#.##.####....?......
#.........[........#
#.##.#.@...........#
####....#w..).<.......#
...................>#..#
#########...............
#.........#.#..#
.....$............
####......#..#.....
####...........#
#.##...#.....


You could see a worm.

Vanquished Creatures
  2 leopard geckos
  A bat (D:1)
  3 goblins (D:1)
  A hobgoblin (D:1)
  A kobold (D:2)
  A quokka (D:2)
  4 rats (D:1)
13 creatures vanquished.

Notes
Turn   | Place    | Note
-------+----------+-------------------------------------------
     0 | D:1      | Chiseanne the Barachi Wanderer began the quest for the Orb.
     0 | D:1      | Chiseanne set off with: a book of Necromancy, Rajog's Volume of Augmentations, a +0 spear, a +0 robe, a bread ration
     0 | D:1      | Reached XP level 1. HP: 18/18 MP: 2/2
     1 | D:1      | Identified Rajog's Volume of Augmentations
   455 | D:1      | Reached XP level 2. HP: 25/25 MP: 3/3
   646 | D:2      | Found a deep blue altar of Sif Muna.
   646 | D:2      | Found a basalt altar of Yredelemnul.
   651 | D:2      | Reached skill level 1 in Armour
   676 | D:2      | Slain by a worm

Vault maps used:
D:1:      dpeg_arrival_rooms_c, serial_bayou_lake_a
D:2:      minitemple, grunt_temple_overflow_open

Skill      XL: |  1  2 |
---------------+-------+-----
Armour         | 1 |  1.0
Fighting       | |  3.9
Dodging        | |  0.9
Spellcasting   | |  0.8
Necromancy     | |  2.6
Poison Magic   | |  2.1
Evocations     | |  2.1

Action                   || total
-------------------------++-------
Melee: Spear             ||    62
 Abil: Hop               ||     1
  Use: Scroll            ||     3
Armor: Leather armour    ||    15
Dodge: Dodged            ||    35
